 Dungeon Crawl Stone Soup version 0.27-a0-32-g443bf2d2ca (webtiles) character file.

Game seed: 10121764777880892619

107 DocSulfur the Ruffian (level 4, -4/36 HPs)
             Began as a Draconian Transmuter on Jan 4, 2021.
             Slain by an orc (5 damage)
             ... on level 3 of the Dungeon.
             The game lasted 00:03:31 (2327 turns).

DocSulfur the Ruffian (Draconian Transmuter)        Turns: 2327, Time: 00:03:31

Health: -4/36      AC:  5    Str: 14    XL:     4   Next: 56%
Magic:  7/7        EV: 12    Int: 13    God:
Gold:   123        SH:  0    Dex: 11    Spells: 5/8 levels left

rFire    . . .     SeeInvis .     - Unarmed
rCold    . . .     Faith    .   (no shield)
rNeg     . . .     Spirit   .   (armour unavailable)
rPois    .         Reflect  .   (helmet currently unavailable)
rElec    .         Harm     .   (no cloak)
rCorr    .         Rampage  .   (no gloves)
Will     .....                  (boots currently unavailable)
Stlth    +.........             (no amulet)
HPRegen  0.12/turn              (no ring)
MPRegen  0.10/turn              (no ring)

@: appendages
A: unfitting armour, horns 2, talons 2, cold-blooded, AC +5
a: End Transformation


You were on level 3 of the Dungeon.
You had grown temporary horns.
You had grown temporary talons.
You visited 1 branch of the dungeon, and saw 3 of its levels.

You collected 123 gold pieces.

Inventory:

Jewellery
 f - an uncursed ring of fire {unknown}
 k - a cursed ring of teleportation {unknown}
Scrolls
 a - 2 scrolls of immolation {unknown}
 b - 3 scrolls of random uselessness {unknown}
 c - 2 scrolls of magic mapping {unknown}
 d - a scroll of noise {unknown}
 e - a scroll of enchant armour {unknown}
 g - a scroll of amnesia {unknown}
 i - 5 scrolls of identify {unknown}
 j - a scroll of fog {unknown}
 m - 2 scrolls of enchant weapon {unknown}
 n - a scroll of remove curse {unknown}
Potions
 l - a potion of heal wounds {unknown}
 o - a potion of might {unknown}


   Skills:
 + Level 2.2 Fighting
 - Level 1.7 Dodging
 * Level 3.9 Unarmed Combat
 + Level 2.5 Spellcasting
 * Level 3.2 Transmutations


You had 5 spell levels left.
You knew the following spells:

 Your Spells              Type           Power        Failure   Level
a - Beastly Appendage     Tmut           20%          6%          1
b - Wereblood             Tmut           10%          10%         2

Your spell library contained the following spells:

 Spells                   Type           Power        Failure   Level
 Spider Form              Tmut/Pois      2%           36%         3
 Ice Form                 Ice/Tmut       5%           77%         4
 Blade Hands              Tmut           5%           87%         5


Dungeon Overview and Level Annotations

Branches:
Dungeon (3/15)

Altars:


Innate Abilities, Weirdness & Mutations

Your plain brown scales are hard. (AC +5)
You cannot fit into any form of body armour.
You are cold-blooded and may be slowed by cold attacks.
You have a pair of horns on your head.
You have razor-sharp toenails.


Message History

The orc is heavily wounded.
The orc hits you but does no damage.
You hit the orc.
You kill the orc!
You hit the orc. Your kick misses the orc.
The orc is heavily wounded.
The orc barely misses you.
You hit the orc but do no damage. You claw the orc, but do no damage.
The orc is heavily wounded.
The orc hits you.
* * * LOW HITPOINT WARNING * * *
You barely miss the orc. Your kick misses the orc.
You punch the orc, but do no damage.
The orc is heavily wounded.
The orc barely misses you.
You closely miss the orc. You claw the orc.
You headbutt the orc, but do no damage.
The orc is almost dead.
The orc hits you.
You die...

#.........# #.........#
##.........#
#######..........#
#................#
#####......#.........#######
...........................#
...............)##.........#
.......<......).@o.........#
................##.........#
...†............##.........#
.....(..........##.........#
.......>........#######(.###
.......†...###............###
##....#........#########....##
......#...###..# #......#
##....#...# .. #...)..#


You could see an orc.

Vanquished Creatures
  An orc priest (D:3)
  A worker ant zombie (D:2)
  2 adders
  A worm (D:2)
  3 orcs (D:3)
  A giant cockroach (D:3)
  11 goblins
  6 hobgoblins
  A ball python (D:1)
  6 bats
  3 frilled lizards (D:2)
  4 kobolds
  5 rats
45 creatures vanquished.

Notes
Turn   | Place    | Note
-------+----------+-------------------------------------------
     0 | D:1      | DocSulfur the Draconian Transmuter began the quest for the
                  | Orb.
     0 | D:1      | Reached XP level 1. HP: 16/16 MP: 3/3
   527 | D:1      | Reached XP level 2. HP: 21/23 MP: 3/5
   534 | D:1      | Learned a level 2 spell: Wereblood
  1123 | D:2      | Reached XP level 3. HP: 9/28 MP: 4/6
  2253 | D:3      | Reached XP level 4. HP: 36/36 MP: 7/7
  2325 | D:3      | HP: 1/36 [orc (4)]
  2327 | D:3      | Slain by an orc

Illustrated notes

Levels and vault maps discovered:
D:1:      moated_graveyard_arrival, layout_basic, ebering_dispersal_statue_hall
D:2:      layout_rooms
D:3:      layout_rooms, nicolae_tso_swordbearing_angel, bh_walls_and_bars

Skill      XL: |  1  2  3  4 |
---------------+-------------+-----
Fighting       | 2 |  2.2
Transmutations | 3 |  3.2
Dodging        | |  1.7
Unarmed Combat | |  3.9
Spellcasting   | |  2.5

Action                   |  1- 3 |  4- 6 || total
-------------------------+-------+-------++-------
Melee: Unarmed           |    99 |    27 ||   126
       Tailslap          |    14 |     6 ||    20
       Kick              |    10 |     2 ||    12
       Headbutt          |     4 |     3 ||     7
       Punch             |     2 |     1 ||     3
 Cast: Beastly Appendage |    15 |     2 ||    17
       Wereblood         |     1 |       ||     1
  Use: Potion            |       |     1 ||     1
Armor: Skin              |    32 |     6 ||    38
Dodge: Dodged            |    60 |    27 ||    87

Table legend: (Time is in decaauts)
 A = Elapsed time spent in this place.
 B = Non-inter-level travel time spent in this place.
 C = Inter-level travel time spent in this place.
 D = Time resting spent in this place.
 E = Time spent auto-exploring this place.
 F = Levels seen in this place.
 G = Mean time per level.
                   A        B        C        D        E       F      G
               +--------+--------+--------+--------+--------+-----+--------+
         Total |   2317 |   2291 |     26 |      0 |   1899 |   3 |  772.3 |
       Dungeon |   2317 |   2291 |     26 |      0 |   1899 |   3 |  772.3 |
               +--------+--------+--------+--------+--------+-----+--------+

Top non-repeatable levels by time:
     D:2: 1098 daAuts
     D:1: 1088 daAuts
     D:3: 130 daAuts
